 Dungeon Crawl Stone Soup version 0.26.1-11-gd32895ea62 (webtiles) character file.

Game seed: 11541490744455579319

1152 Hugehornet the Cudgeller (level 8, -2/117 HPs)
             Began as a Troll Fighter on July 18, 2021.
             Was an Initiate of Okawaru.
             Slain by a lemure (6 damage)
             ... led by Pikel
             ... on level 6 of the Dungeon.
             The game lasted 00:11:16 (4209 turns).

Hugehornet the Cudgeller (Troll Fighter)            Turns: 4209, Time: 00:11:17

Health: -2/117     AC: 24    Str: 18 (21) XL:     8   Next: 16%
Magic:  7/7        EV:  1    Int:  4 (6)  God:    Okawaru [......]
Gold:   254        SH:  0    Dex:  7 (9)  Spells: 7/7 levels left

rFire    . . .     SeeInvis .   f - +0 giant spiked club
rCold    . . .     Faith    .   (shield currently unavailable)
rNeg     + + +     Spirit   .   (armour currently unavailable)
rPois    +         Reflect  .   (helmet currently unavailable)
rElec    .         Harm     .   (cloak currently unavailable)
rCorr    .         Rampage  .   (gloves unavailable)
Will     +....     Clarity  +   (boots unavailable) Stlth +.........NoTele +
                                (no amulet)
HPRegen  0.69/turn              e - ring of poison resistance
MPRegen  0.10/turn              r - -4 ring of strength (curse)

@: tree-form
A: large, unfitting armour, clarity, strong-willed 1, regeneration 1
a: Renounce Religion


You were on level 6 of the Dungeon.
You worshipped Okawaru.
Okawaru was noncommittal.
You were a tree.
You visited 2 branches of the dungeon, and saw 7 of its levels.

You collected 254 gold pieces.

Inventory:

Hand Weapons
 f - a +0 giant spiked club (weapon)
Armour
 b - a +0 robe (melded)
 c - a +0 kite shield
 d - a +0 cloak (melded)
Jewellery
 e - a ring of poison resistance (left branch)
 r - a cursed -4 ring of strength (right branch)
Wands
 j - a wand of flame (13)
 s - a wand of paralysis (4)
Scrolls
 i - 2 scrolls of enchant weapon {unknown}
 k - a scroll of enchant armour {unknown}
 l - 2 scrolls of teleportation {unknown}
 m - 2 scrolls of magic mapping {unknown}
 o - a scroll of fog {unknown}
 p - a scroll of remove curse {unknown}
 q - a scroll of fear
 u - a scroll of immolation {unknown}
 v - a scroll of noise {unknown}
Potions
 a - a potion of attraction
 g - a potion of magic


   Skills:
 + Level 3.9 Fighting
 * Level 5.3 Maces & Flails
 * Level 4.3 Armour
 + Level 3.9 Dodging
 - Level 2.9 Shields


You had 7 spell levels left.
You didn't know any spells.
Your spell library was empty.

Dungeon Overview and Level Annotations

Branches:
Dungeon (6/15)             Temple (1/1) D:5

Altars:
Ashenzari
Cheibriados
Dithmenos
Elyvilon
Fedhas
Gozag
Hepliaklqana
Kikubaaqudgha
Makhleb
Nemelex Xobeh
Okawaru
Qazlal
Ru
Sif Muna
Trog
Uskayaw
Wu Jian
Xom
Zin
The Shining One

Shops:
D:6 [

Annotations:
D:6 Pikel


Innate Abilities, Weirdness & Mutations

You are too large for most types of armour.
((You have claws for hands.))
Your natural rate of healing is unusually fast.
((You are covered in fur. (AC +1)))
((You have extremely tough skin. (AC +3)))
You possess an exceptional clarity of mind.
You are strong-willed. (Will+)


Message History

You kill the white imp!
Okawaru accepts your kill.
The lemure hits you but does no damage. x4; The lemure hits you.
* * * LOW HITPOINT WARNING * * *
The lemure hits you but does no damage.
You miss the lemure. The lemure hits you.
* * * LOW HITPOINT WARNING * * *
The lemure hits you but does no damage. x3
Pikel gives up.
The lemure hits you but does no damage. x2
It was a potion of degeneration.
There was something very wrong with that liquid.
You feel weakened.
You feel dopey.
You feel clumsy.
The lemure hits you but does no damage. x2
Pikel yells, "Help!"
The lemure hits you but does no damage. x2
The lemure hits you.
* * * LOW HITPOINT WARNING * * *
The lemure hits you but does no damage. The lemure hits you.
You die...

.. ##)#....##...# ...
. #.......#)..#..(.
##........).......
#.................
#..................
........$...##......
..###.........##......
. ..........[55......
.....###..5♣......#
.....## #..#5#......
.. ##.#.....$.. .
.....##.... .......
...# .......# ...
........# . ......#


You could see 4 lemures.

Vanquished Creatures
  Eustachio (D:5)
  Menkaure (D:4)
  A water moccasin (D:5)
  An ice beast (D:5)
  A centaur (D:5)
  An ogre (D:4)
  A scorpion (D:4)
  Crazy Yiuf (D:5)
  6 hounds
  An orc wizard (D:4)
  3 worker ants
  6 gnolls
  3 adders
  A white imp (D:6)
  2 worms (D:2)
  2 dart slugs (D:1)
  A leopard gecko (D:2)
  3 orcs (D:4)
  A ball python (D:4)
  3 giant cockroaches
  11 goblins
  7 hobgoblins
  7 jackals
  3 kobolds
  2 quokkas
  5 bats
  3 frilled lizards
  A jackal skeleton (D:5)
  7 rats
86 creatures vanquished.

Vanquished Creatures (others)
  A human (D:2)
1 creature vanquished.

Grand Total: 87 creatures vanquished

Notes
Turn   | Place    | Note
-------+----------+-------------------------------------------
     0 | D:1      | Hugehornet the Troll Fighter began the quest for the Orb.
     0 | D:1      | Reached XP level 1. HP: 22/22 MP: 0/0
   100 | D:1      | Reached skill level 2 in Maces & Flails
   128 | D:1      | Reached XP level 2. HP: 29/29 MP: 1/1
   390 | D:1      | Reached XP level 3. HP: 36/36 MP: 2/2
   420 | D:1      | Reached skill level 1 in Armour
   857 | D:2      | Found a shimmering altar of Xom.
  1129 | D:2      | Found an ancient bone altar of Kikubaaqudgha.
  1135 | D:2      | Noticed a human
  1138 | D:2      | Killed a human
  1359 | D:3      | Found a shimmering blue altar of Sif Muna.
  1377 | D:3      | Reached XP level 4. HP: 41/44 MP: 3/3
  1577 | D:3      | Found a faded altar of an unknown god.
  1950 | D:4      | You fall into a shaft and drop 1 floor!
  1950 | D:5      | Entered Level 5 of the Dungeon
  1960 | D:5      | Noticed Eustachio
  1982 | D:5      | Killed Eustachio
  1983 | D:5      | Reached skill level 3 in Maces & Flails
  1983 | D:5      | Reached XP level 5. HP: 23/52 MP: 4/4
  2232 | D:4      | Gained mutation: You are strong-willed. (Will+) [potion of
                  | mutation]
  2232 | D:4      | Gained mutation: You possess an exceptional clarity of
                  | mind. [potion of mutation]
  2255 | D:4      | Reached XP level 6. HP: 50/61 MP: 5/5
  2705 | D:4      | Reached skill level 4 in Maces & Flails
  2757 | D:4      | Noticed Menkaure
  2765 | D:4      | Killed Menkaure
  2766 | D:4      | Reached XP level 7. HP: 49/67 MP: 6/6
  3022 | D:4      | Found a sacrificial altar of Ru.
  3106 | D:5      | Found a staircase to the Ecumenical Temple.
  3129 | Temple   | Entered the Ecumenical Temple
  3178 | Temple   | Became a worshipper of Warmaster Okawaru
  3497 | D:5      | Found a runed translucent door.
  3498 | D:5      | Noticed Crazy Yiuf
  3606 | D:5      | Reached skill level 5 in Maces & Flails
  3809 | D:5      | Found a sparkling altar of Nemelex Xobeh.
  3809 | D:5      | Found an opulent altar of Gozag.
  3921 | D:5      | Killed Crazy Yiuf
  3922 | D:5      | Reached XP level 8. HP: 78/78 MP: 7/7
  4175 | D:6      | Found Noab's Armour Boutique.
  4191 | D:6      | Noticed Pikel
  4206 | D:6      | HP: 5/117 [lemure[Pikel] (6)]
  4209 | D:6      | Slain by a lemure

Illustrated notes

Levels and vault maps discovered:
D:1:      scummos_arrival_checkerplants, layout_basic
D:2:      layout_rooms, lemuel_round_altar, tgw_kikubaaqudgha
D:3:      layout_loops_ring, nicolae_overflow_crystal_walls,
          chequers_ecumenical_altar_simple
D:4:      layout_cave_pods, nicolae_ru_the_path_less_chosen, uniq_menkaure
D:5:      layout_rooms, grunt_temple_overflow_opulence,
          minmay_temple_entry_slanted, uniq_eustachio, uniq_crazy_yiuf_cottage
D:6:      layout_cave_pools, serial_gnoll_camp, gnoll_camp_mini_hut,
          gnoll_camp_medium_01, grums_kennel, gnoll_camp_mini_shop,
          gnoll_camp_medium_02, evilmike_ruin_ashenzari, uniq_pikel
Temple:   lightli_temple_of_artemis

Skill      XL: |  1  2  3  4  5  6  7 |
---------------+----------------------+-----
Maces & Flails | 2 3 4 5 |  5.3
Armour         | 1 2 3 4 |  4.3
Dodging        | 3 |  3.9
Fighting       | 3 |  3.9
Shields        | |  2.9

Action                   |  1- 3 |  4- 6 |  7- 9 || total
-------------------------+-------+-------+-------++-------
Melee: Flail             |   126 |   116 |       ||   242
       Giant spiked club |       |     8 |   174 ||   182
  Use: Scroll            |       |     5 |     3 ||     8
       Potion            |       |     2 |     8 ||    10
 Stab: Sleeping          |       |     1 |       ||     1
Armor: Robe              |    39 |    92 |   191 ||   322
       Skin              |       |       |    34 ||    34
Dodge: Dodged            |    50 |    92 |   265 ||   407
Block: Kite shield       |    65 |    69 |       ||   134
